 Dungeon Crawl Stone Soup version 0.30.1-9-gdf580d7c3d (webtiles) character file.

Game seed: 4201003906249671518

8804 dwqdq the Destroyer (level 11, -3/68 HPs)
             Began as a Demonspawn Air Elementalist on Oct 15, 2023.
             Was a Believer of Vehumet.
             Slain by an acid dragon (10 damage)
             ... on level 8 of the Dungeon.
             The game lasted 00:21:52 (10596 turns).

dwqdq the Destroyer (Demonspawn Air Elementalist)  Turns: 10596, Time: 00:21:52

Health: -3/68      AC:  9    Str: 10    XL:     11   Next: 14%
Magic:  2/24       EV: 12    Int: 20    God:    Vehumet [**....]
Gold:   467        SH:  0    Dex: 13    Spells: 19/29 levels left

rFire   . . .        w - +2 rapier (speed)
rCold   . . .        (no shield)
rNeg    . . .        x - +0 steam dragon scales
rPois   .            i - +0 helmet
rElec   .            (cloak unavailable)
rCorr   .            j - +0 pair of gloves
SInv    .            (no boots)
Will    .....        q - amulet of magic regeneration
Stlth   ++           r - +4 ring of slaying
HPRegen 0.31/turn    (no ring)
MPRegen 0.59/turn

%: no passive effects
@: about to teleport
A: slimy green scales 1, powered by death 2, weakness stinger 3
a: Renounce Religion


You were on level 8 of the Dungeon.
You worshipped Vehumet.
Vehumet was pleased with you.
You visited 2 branches of the dungeon, and saw 9 of its levels.

You collected 467 gold pieces.

Inventory:

Hand Weapons
 d - a +0 scimitar of flaming
 m - a +2 short sword of draining
 u - a +1 dagger of electrocution
 w - a +2 rapier of speed (weapon)
Missiles
 b - 3 throwing nets
Armour
 a - a +0 robe
 i - a +0 helmet (worn)
 j - a +0 pair of gloves (worn)
 x - +0 steam dragon scales (worn)
Jewellery
 q - an amulet of magic regeneration (around neck)
 r - a +4 ring of slaying (left hand)
Wands
 g - a wand of flame (12)
 v - a wand of roots (2)
Scrolls
 c - 2 scrolls of vulnerability
 e - a scroll of teleportation
 h - 5 scrolls of identify
 k - 3 scrolls of fog
Potions
 l - a potion of curing
 n - 4 potions of magic
 o - a potion of berserk rage
 p - a potion of heal wounds
 s - 2 potions of haste
 t - a potion of attraction
 z - a potion of lignification {unknown}


   Skills:
 - Level 1.7 Dodging
 - Level 1.7 Stealth
 * Level 9.5 Spellcasting
 * Level 10.1 Conjurations
 * Level 9.7 Air Magic


You had 19 spell levels left.
You knew the following spells:

 Your Spells              Type           Power      Damage    Failure   Level
a - Shock                 Conj/Air       100%       1d9       1%          1
b - Static Discharge      Conj/Air       98%        2-7/arc   1%          2
c - Swiftness             Air            48%        N/A       1%          3
d - Airstrike             Air            24%        2d(4-20)  1%          4

Your spell library contained the following spells:

 Spells                   Type           Power      Damage    Failure   Level
 Sandblast                Erth           18%        2d7       8%          1
 Lesser Beckoning         Tloc           18%        N/A       11%         2
 Gell's Gravitas          Tloc           9%         N/A       22%         3
 Teleport Other           Tloc           9%         N/A       22%         3


Dungeon Overview and Level Annotations

Branches:
Dungeon (8/15)             Temple (1/1) D:6            Lair (0/5) D:8

Altars:
Ashenzari
Cheibriados
Dithmenos
Fedhas
Gozag
Hepliaklqana
Kikubaaqudgha
Makhleb
Nemelex Xobeh
Okawaru
Qazlal
Sif Muna
Trog
Uskayaw
Vehumet
Wu Jian
Xom
Yredelemnul

Shops:
D:2 [   D:6 :   D:7 (

Annotations:
D:7 2 transporters, kaesle's ghost, novice HOFi


Innate Abilities, Weirdness & Mutations

You are partially covered in slimy green scales. (AC +2)
You regenerate health from kills.
You have a sharp stinger which inflicts weakening toxins.


Message History

* * * LOW HITPOINT WARNING * * *
Blink to where?
Press: ? - help, Dir - move target, p - boulder beetle
As you read the scroll of blinking, it crumbles to dust.
Casting: Airstrike (dangerous; 1% risk of failure)
Confirm with . or Enter, or press ? or * to list all spells.
Aiming: Airstrike (dangerous; 1% risk of failure)
Press: ? - help, Dir - move target, f - boulder beetle
Aim: a boulder beetle (translocational energy, moderately wounded, empty space bonus: 4/8)
The air twists around and strikes the boulder beetle!!
The boulder beetle is severely wounded.
Casting: Airstrike (dangerous; 1% risk of failure)
Confirm with . or Enter, or press ? or * to list all spells.
Aiming: Airstrike (dangerous; 1% risk of failure)
Press: ? - help, Dir - move target, f/p - boulder beetle
Aim: a boulder beetle (severely wounded, empty space bonus: 4/8)
The air twists around and strikes the boulder beetle but does no damage.
Casting: Airstrike (dangerous; 1% risk of failure)
Confirm with . or Enter, or press ? or * to list all spells.
You don't have enough magic to cast this spell.
Unknown command.
Aiming: Throw Flame
Press: ? - help, Shift-Dir - straight line, f/p - boulder beetle
Aim: a boulder beetle (severely wounded, 100% to hit)
The puff of flame hits the boulder beetle.
The boulder beetle is severely wounded.
Your surroundings suddenly seem different.
An acid dragon, a wyvern, 4 orcs and an orc wizard come into view.
Found 2 stones.
Found a stone staircase leading up.
The orc shouts! x2; The orc wizard shouts!
The orc shouts!
The orc wizard casts a spell at you.
The magic dart hits you but does no damage.
An orc warrior comes into view. It is wielding a +0 hand axe.
An orc comes into view. It is wielding a +0 dagger.
The wyvern hisses angrily.
The orc shouts!
As you read the scroll of teleportation, it crumbles to dust.
You feel strangely unstable.
The orc warrior shouts!
The acid dragon bites you!
You die...

......## .......###
.........#
#####.#### #####
..#♣♣.♣♣ #...#
♣.#♣..)♣# #...#
♣.#.....# ######...#
♣.#♣...♣###........#
..#♣♣.♣♣ .......@..#
### ♣.♣ #.......D.#
♣♣ ♣.♣ .o.....##.#
.♣ ♣.♣ ....o.o .# )♣
♣.♣ .#..ol< # .♣
♣♣.♣♣ #...(.
)♣#♣...♣# #...oo #.#
.♣#.....# .....o #.#
.♣♣.....# #.#


You could see an orc warrior, a wyvern, an acid dragon, an orc wizard and 5
orcs.

Vanquished Creatures
  3 centaur warriors (D:8)
  A shock serpent (shapeshifter) (D:8)
  Pikel (D:4)
  An ugly thing (D:8)
  Maggie (D:7)
  An unseen horror (D:8)
  An efreet (D:8)
  A tengu conjurer (D:8)
  Grinder (D:5)
  Sigmund (D:5)
  A basilisk (D:8)
  A steam dragon (D:8)
  Menkaure (D:5)
  Duvessa (D:5)
  A water moccasin (D:8)
  2 orc warriors (D:8)
  A sky beast (D:7)
  2 black bears
  5 ice beasts
  An ogre (D:5)
  3 centaurs
  A phantom (D:5)
  A lemure (D:4)
  8 bullfrogs (D:8)
  3 kobold brigands
  6 wights (D:8)
  Dowan (D:5)
  8 killer bees
  2 howler monkeys (D:8)
  A jelly (D:4)
  7 orc priests
  3 hounds
  2 iguanas
  8 orc wizards
  A gnoll (D:1)
  8 adders
  3 river rats (D:5)
  A white imp (D:8)
  3 worms (D:5)
  A dart slug (D:5)
  38 orcs
  4 ball pythons
  8 endoplasms
  3 giant cockroaches
  8 goblins
  4 hobgoblins (D:4)
  12 jackals
  2 quokkas (D:2)
  8 bats
  A frilled lizard (D:2)
  11 kobolds
  2 rats
200 creatures vanquished.

Notes
Turn   | Place    | Note
-------+----------+-------------------------------------------
     0 | D:1      | dwqdq the Demonspawn Air Elementalist began the quest for
                  | the Orb.
     0 | D:1      | Reached XP level 1. HP: 13/13 MP: 3/3
    48 | D:1      | Gained mutation: You have a small tail. [demonic ancestry]
    48 | D:1      | Reached XP level 2. HP: 8/19 MP: 0/5
   191 | D:1      | Learned a level 2 spell: Static Discharge
   924 | D:1      | Found a faded altar of an unknown god.
  1096 | D:1      | Reached XP level 3. HP: 24/24 MP: 0/6
  1268 | D:1      | Learned a level 3 spell: Swiftness
  2007 | D:2      | Reached skill level 2 in Conjurations
  2858 | D:2      | Reached XP level 4. HP: 30/30 MP: 6/8
  2875 | D:2      | Found Laprih's Antique Armour Boutique.
  3634 | D:3      | Gained mutation: You are partially covered in slimy green
                  | scales. (AC +2) [demonic ancestry]
  3634 | D:3      | Reached XP level 5. HP: 35/35 MP: 7/9
  3640 | D:3      | Learned a level 4 spell: Airstrike
  3684 | D:3      | Found a blossoming altar of Fedhas.
  4114 | D:4      | Reached skill level 3 in Conjurations
  4343 | D:4      | Reached XP level 6. HP: 31/41 MP: 6/11
  4862 | D:4      | Found a radiant altar of Vehumet.
  4997 | D:5      | Entered Level 5 of the Dungeon
  4997 | D:5      | Noticed Pikel
  5329 | D:5      | Reached skill level 4 in Conjurations
  5376 | D:5      | Noticed Grinder
  5425 | D:5      | Noticed Sigmund
  5440 | D:4      | Killed Pikel
  5441 | D:4      | Reached skill level 5 in Spellcasting
  5441 | D:4      | Reached skill level 5 in Conjurations
  5441 | D:4      | Reached skill level 5 in Air Magic
  5441 | D:4      | Gained mutation: You regenerate a little health from kills.
                  | [demonic ancestry]
  5441 | D:4      | Reached XP level 7. HP: 6/46 MP: 3/14
  5704 | D:5      | Reached XP level 8. HP: 52/52 MP: 5/15
  5798 | D:5      | Killed Grinder
  6051 | D:5      | Noticed Duvessa
  6052 | D:5      | Noticed Menkaure
  6063 | D:5      | Killed Duvessa
  6064 | D:5      | Reached skill level 6 in Conjurations
  6139 | D:5      | Noticed Dowan
  6142 | D:5      | Killed Dowan
  6353 | D:5      | Killed Sigmund
  6410 | D:5      | Killed Menkaure
  6806 | D:6      | Found Muxap's Book Emporium.
  6833 | D:6      | Found a staircase to the Ecumenical Temple.
  6838 | D:6      | Gained mutation: You regenerate health from kills. [demonic
                  | ancestry]
  6838 | D:6      | Reached XP level 9. HP: 49/57 MP: 14/18
  6853 | Temple   | Entered the Ecumenical Temple
  7170 | D:4      | Became a worshipper of Vehumet
  7576 | D:7      | Reached skill level 7 in Conjurations
  7618 | D:7      | Found Plog's Weapon Shoppe.
  8157 | D:7      | Noticed kaesle's ghost (novice HOFi)
  8183 | D:7      | Found a transporter.
  8256 | D:7      | Noticed Maggie
  8262 | D:7      | Killed Maggie
  8410 | D:7      | Noticed a two-headed ogre
  8419 | D:7      | Found a transporter.
  8419 | D:7      | Noticed a moth of wrath
  8420 | D:7      | Found a bloodstained altar of Trog.
  8669 | D:8      | Reached skill level 8 in Conjurations
  8678 | D:8      | Reached * piety under Vehumet
  8678 | D:8      | Offered knowledge of Magic Dart by Vehumet.
  8749 | D:8      | Noticed a centaur warrior
  8951 | D:8      | Found a staircase to the Lair.
  9133 | D:8      | Noticed a centaur warrior
  9152 | D:8      | Killed a centaur warrior
  9153 | D:8      | Gained mutation: You have a tail ending in a sharp stinger.
                  | [demonic ancestry]
  9153 | D:8      | Reached XP level 10. HP: 15/63 MP: 8/22
  9311 | D:8      | Noticed a shock serpent
  9316 | D:8      | Killed a shock serpent
  9413 | D:8      | Reached skill level 9 in Conjurations
  9429 | D:8      | Killed a centaur warrior
  9940 | D:8      | Noticed a centaur warrior
  9946 | D:8      | Killed a centaur warrior
  9947 | D:8      | Gained mutation: You have a sharp stinger which inflicts
                  | weakening toxins. [demonic ancestry]
  9947 | D:8      | Reached XP level 11. HP: 48/68 MP: 17/24
  9948 | D:8      | Offered knowledge of Sandblast by Vehumet.
  9949 | D:8      | Reached skill level 10 in Conjurations
  9978 | D:8      | Noticed a white ugly thing
  9986 | D:8      | Killed a white ugly thing
  9986 | D:8      | Reached ** piety under Vehumet
 10394 | D:8      | Identified the +10 plate armour of Qariumy {Fly rF+}
 10398 | D:8      | Noticed a boulder beetle
 10401 | D:8      | Noticed a deep elf pyromancer
 10596 | D:8      | Slain by an acid dragon

Illustrated notes

Levels and vault maps discovered:
D:1:      eino_arrival_tree_alley, layout_basic,
          dreamdust_ecumenical_altar_hidden_monk_grotto,
          chequers_serial_rivers_micro_d
D:2:      layout_basic, serial_shops, shop
D:3:      layout_basic, mainiacjoe_overflow_alcove_1
D:4:      layout_rooms, lemuel_coloured_pillars_altar,
          minmay_fractal_squares_gapless_5
D:5:      layout_cave_pools, lightli_sewer_entry_pipes, uniq_grinder,
          uniq_sigmund, uniq_menkaure, uniq_pikel, uniq_duvessa
D:6:      layout_gridville, minmay_temple_entry_statues_fountains, serial_shops,
          nicolae_shop_tiny_waterfront
D:7:      layout_loops_cross, nicolae_overflow_crystal_walls, serial_shops,
          nicolae_shop_mannequins, gammafunk_ghost_wrathful_warriors,
          nicolae_zen_rock_garden, uniq_maggie
D:8:      nzn_winding_woodlands_large [nzn_winding_woodlands_5x5_closed_star,
          nzn_winding_woodlands_5x15_garden, nzn_winding_woodlands_5x5_default,
          nzn_winding_woodlands_center_pierced_h,
          nzn_winding_woodlands_15x15_boxy_spiral,
          nzn_winding_woodlands_center_lodge, nzn_winding_woodlands_hourglass,
          nzn_winding_woodlands_5x15_parted,
          nzn_winding_woodlands_5x5_open_star], layout_rooms, lair_entry_dummy
Temple:   minmay_temple_bridge_d

Skill      XL: |  1  2  3  4  5  6  7  8  9 10 11 |
---------------+----------------------------------+-----
Air Magic      | 3 4 5 6 8 9 |  9.7
Conjurations   | 2 3 5 6 8 9 10 | 10.1
Spellcasting   | 3 5 6 8 9 |  9.5
Dodging        | |  1.7
Stealth        | |  1.7

Action                     |  1- 3 |  4- 6 |  7- 9 | 10-12 || total
---------------------------+-------+-------+-------+-------++-------
  Melee: Unarmed           |    25 |       |       |       ||    25
         Tailslap          |     5 |     5 |     5 |     4 ||    19
         Short sword       |       |    30 |    17 |       ||    47
         Rapier            |       |       |    15 |    19 ||    34
   Cast: Shock             |    77 |    85 |    24 |     2 ||   188
         Static Discharge  |     2 |    15 |    17 |    11 ||    45
         Airstrike         |       |     9 |    73 |    62 ||   144
         Swiftness         |       |       |     4 |       ||     4
  Evoke: Wand              |       |       |       |    11 ||    11
    Use: Potion            |     1 |     2 |       |     2 ||     5
         Scroll            |       |    13 |     5 |     4 ||    22
   Stab: Sleeping          |       |     1 |       |       ||     1
         Invisible         |       |       |       |     1 ||     1
 Armour: Robe              |     8 |    11 |     8 |       ||    27
         Steam dragon scal |       |       |    12 |    28 ||    40
  Dodge: Dodged            |    29 |    39 |    41 |    34 ||   143
